 Dungeon Crawl Stone Soup version 0.31-a0-507-gbafd7f5274 (webtiles) character file.

Game seed: 2852105073039534439

114 oldmanjim the Trooper (level 4, -1/48 HPs)
             Began as an Ogre Shapeshifter on Aug 10, 2023.
             Slain by an orc wizard
             ... wielding a +0 dagger
              (2 damage)
             ... on level 4 of the Dungeon.
             The game lasted 00:08:27 (3005 turns).

oldmanjim the Trooper (Ogre Shapeshifter)           Turns: 3005, Time: 00:08:27

Health: -1/48      AC:  4    Str: 21    XL:     4   Next: 98%
Magic:  4/4        EV:  9    Int:  9    God:
Gold:   243        SH:  0    Dex:  9    Spells: 3/3 levels left

rFire   . .          .
                       - Unarmed
rCold   . . .        (no shield)
rNeg    . . .        p - +1 robe {Will+}
rPois   .            (helmet currently unavailable)
rElec   .            (cloak currently unavailable)
rCorr   .            (gloves unavailable)
SInv    .            (boots unavailable)
Will    +....        (no amulet)
Stlth   +            (no ring)
HPRegen 0.28/turn    (no ring)
MPRegen 0.09/turn

%: no passive effects
@: beast-form
A: beast (slay +2), large, unfitting armour, tough skin 1
a: Begin Untransformation


You were on level 4 of the Dungeon.
You were a hulking beast.
You visited 1 branch of the dungeon, and saw 4 of its levels.

You collected 243 gold pieces.

Inventory:

Missiles
 g - 27 stones
Armour
 a - a +0 animal skin
 p - a +1 robe of willpower (worn)
 q - a +0 cloak
Talismans
 c - a beast talisman (active)
 d - a flux talisman
 i - a dragon-blood talisman
Scrolls
 e - 3 scrolls of enchant weapon {unknown}
 j - 2 scrolls of enchant armour {unknown}
 k - 2 scrolls of vulnerability {unknown}
 l - a scroll of amnesia {unknown}
 m - a scroll of immolation {unknown}
 o - 3 scrolls of identify {unknown}
 r - a scroll of brand weapon {unknown}
Potions
 b - a potion of lignification
 f - 2 potions of resistance {unknown}
 h - a potion of might {unknown}
 n - a potion of invisibility {unknown}


   Skills:
 * Level 3.9 Fighting
 - Level 1.7 Dodging
 + Level 3.4 Unarmed Combat
 + Level 3.7 Shapeshifting


You had 3 spell levels left.
You didn't know any spells.
Your spell library contained the following spells:

 Spells                   Type           Power      Damage    Failure   Level
 Slow                     Hex            0%         N/A       38%         1
 Poisonous Vapours        Pois/Air       0%         N/A       52%         2
 Confusing Touch          Hex            0%         N/A       77%         3
 Gell's Gravitas          Tloc           0%         N/A       77%         3
 Mephitic Cloud           Conj/Pois/Air  0%         N/A       77%         3
 Portal Projectile        Hex/Tloc       0%         N/A       77%         3
 Teleport Other           Tloc           0%         N/A       77%         3
 Tukima's Dance           Hex            0%         N/A       77%         3
 Vampiric Draining        Necr           0%         2d6       77%         3
 Iskenderun's Mystic Bla  Conj/Tloc      0%         2d3       99%         4
 Freezing Cloud           Conj/Ice/Air   0%         6-21      100%        5
 Dispersal                Tloc           0%         N/A       100%        6


Dungeon Overview and Level Annotations

Branches:
Dungeon (4/15)
 Temple: D:4-7

Altars:

Shops:
D:4 ::


Innate Abilities, Weirdness & Mutations

You are a hulking beast.
Your limbs bulge with bestial killing power. (Slay +2)
You are too large for most types of armour.
You have tough skin. (AC +1)


Message History

The orc wizard hits you but does no damage.
You hit the orc wizard but do no damage.
The orc priest begins to cast a cantrip, but forgets the words!
The orc wizard gestures wildly while chanting.
The orc wizard flickers and vanishes!
Deactivating autopickup; reactivate with Ctrl-A.
You barely miss something. Something hits you.
You completely miss something. Something hits you.
The orc priest calls down the wrath of Beogh upon you.
Beogh smites you!
The orc priest looks braver for a moment.
You hit something but do no damage.
You hear some strange, mumbled words.
Something tries to affect you, but you resist.
You completely miss something. You barely miss something. Something hits you.
The orc priest invokes the aid of Beogh against you.
Beogh smites you!
* * * LOW HITPOINT WARNING * * *
You hit something.
The orc priest miscasts a cantrip.
Something hits you but does no damage.
You punch something! Something hits you.
* * * LOW HITPOINT WARNING * * *
The orc priest casts a cantrip, but nothing happens.
You hit something. Something hits you.
* * * LOW HITPOINT WARNING * * *
You hit something but do no damage. Something hits you.
* * * LOW HITPOINT WARNING * * *
You closely miss something.
You hear some strange, mumbled words.
A puff of flame appears from out of thin air!
The puff of flame misses you.
You closely miss something.
The orc priest looks satisfied for a moment.
Something hits you but does no damage.
You barely miss something. Something hits you.
* * * LOW HITPOINT WARNING * * *
You completely miss something. Something hits you.
You die...

### #.# #.# .
#.# ... #.#
....########.#
......oo{h..>#
....##.o####.#
# ##'# #.# ...
#.###### o8.8$
#......#
#$.o$o##.####.#
#$8.8$##.# #.#
##._$##..# #.#
#######.####.#


You could see 2 orc priests and an orc.

Vanquished Creatures
  6 adders (D:2)
  A worm (D:2)
  2 dart slugs
  5 ball pythons
  5 endoplasms
  7 goblins
  5 hobgoblins
  3 jackals (D:1)
  3 kobolds
  2 quokkas
  6 bats
  2 frilled lizards (D:2)
  3 rats
50 creatures vanquished.

Notes
Turn   | Place    | Note
-------+----------+-------------------------------------------
     0 | D:1      | oldmanjim the Ogre Shapeshifter began the quest for the
                  | Orb.
     0 | D:1      | Reached XP level 1. HP: 19/19 MP: 1/1
    72 | D:1      | Reached XP level 2. HP: 5/28 MP: 2/2
   548 | D:1      | Reached XP level 3. HP: 35/35 MP: 3/3
   619 | D:1      | Found a faded altar of an unknown god.
  1100 | D:2      | Reached XP level 4. HP: 14/45 MP: 4/4
  2621 | D:4      | Found Hosast's Book Boutique.
  2813 | D:4      | Found Oshib's Book Boutique.
  3000 | D:4      | HP: 2/48 [something (1)]
  3005 | D:4      | Slain by an orc wizard

Illustrated notes

Levels and vault maps discovered:
D:1:      minmay_arrival_checkered_box, layout_basic,
          hellmonk_ecumenical_altar_heavens_door
D:2:      layout_rooms, minmay_misc_feat_iff, guppyfry_early_lair_pool
D:3:      layout_basic, dreamdust_princess_bridge
D:4:      layout_basic, minitemple, serial_shops, nicolae_stop_n_shop_2,
          nicolae_shop_real_fake_doors, shop, shop, kennysheep_orc_chapel

Skill      XL: |  1  2  3 |
---------------+----------+-----
Fighting       | 2 3 |  3.9
Unarmed Combat | 3 |  3.4
Dodging        | |  1.7
Shapeshifting  | |  3.7

Action                     |  1- 3 |  4- 6 || total
---------------------------+-------+-------++-------
  Melee: Unarmed           |    97 |    88 ||   185
         Punch             |     1 |     1 ||     2
    Use: Potion            |       |     1 ||     1
 Armour: Animal skin       |    35 |    13 ||    48
         Robe              |       |     9 ||     9
         Skin              |       |     6 ||     6
  Dodge: Dodged            |    46 |    24 ||    70

Table legend: (Time is in decaauts)
 A = Elapsed time spent in this place.
 B = Non-inter-level travel time spent in this place.
 C = Inter-level travel time spent in this place.
 D = Time resting spent in this place.
 E = Time spent auto-exploring this place.
 F = Levels seen in this place.
 G = Mean time per level.
                   A        B        C        D        E       F      G
               +--------+--------+--------+--------+--------+-----+--------+
         Total |   2992 |   2921 |     71 |    287 |   2219 |   4 |  748.0 |
       Dungeon |   2992 |   2921 |     71 |    287 |   2219 |   4 |  748.0 |
               +--------+--------+--------+--------+--------+-----+--------+

Top non-repeatable levels by time:
     D:3: 955 daAuts
     D:2: 933 daAuts
     D:1: 832 daAuts
     D:4: 271 daAuts
